 Dungeon Crawl Stone Soup version 0.29-a0-1052-g6990b1bffc (webtiles) character file.

Game seed: 17076746983180042749

1141 wingedge the Trooper (level 8, -10/64 HPs)
             Began as a Human Wanderer on Aug 18, 2022.
             Was an Initiate of Hepliaklqana.
             Shot with an arrow by a centaur (15 damage)
             ... on level 6 of the Dungeon.
             The game lasted 00:20:55 (5348 turns).

wingedge the Trooper (Human Wanderer)               Turns: 5348, Time: 00:20:56

Health: -10/64     AC:  2    Str: 11    XL:     8   Next: 64%
Magic:  8/8        EV: 29    Int: 11    God:    Hepliaklqana [......]
Gold:   345        SH:  0    Dex: 18    Spells: 7/7 levels left

rFire   . . .      SeeInvis .   a - +0 quarterstaff (vorpal)
rCold   . . .      Faith    .   (shield currently unavailable)
rNeg    . . .      Spirit   .   (no body armour)
rPois   .          Reflect  .   F - +0 helmet
rElec   .          Harm     .   n - +0 cloak
rCorr   .          Rampage  .   (no gloves)
Will    .....                   (no boots)
Stlth   ++........              f - amulet of the acrobat
HPRegen 0.20/turn               p - ring of flight
MPRegen 0.11/turn               (no ring)

@: acrobatic, flying
A: no striking features
a: Renounce Religion


You were on level 6 of the Dungeon.
You worshipped Hepliaklqana.
Hepliaklqana was noncommittal.
You visited 2 branches of the dungeon, and saw 7 of its levels.

You collected 345 gold pieces.

Inventory:

Hand Weapons
 a - a +0 vorpal quarterstaff (weapon)
 b - a +0 shortbow
 h - a +2 dagger of holy wrath
 m - a +0 lajatang
 y - a +0 falchion
Armour
 e - a +0 leather armour
 i - a +0 ring mail
 n - a +0 cloak (worn)
 v - a +0 scale mail
 F - a +0 helmet (worn)
Jewellery
 f - an amulet of the acrobat (around neck)
 p - a ring of flight (left hand)
 x - an amulet of regeneration
 D - an amulet of faith
Wands
 u - a wand of flame (7) (quivered)
 E - a wand of paralysis (4)
Scrolls
 d - a scroll of silence
 g - a scroll of poison
 j - a scroll of enchant weapon {unknown}
 o - 2 scrolls of teleportation
 q - a scroll of fear {unknown}
 r - a scroll of amnesia {unknown}
 w - 2 scrolls of enchant armour {unknown}
Potions
 c - 2 potions of haste
 k - 2 potions of heal wounds
 l - a potion of degeneration {unknown}
 t - a potion of resistance {unknown}
 z - a potion of flight {unknown}
 A - a potion of curing {unknown}
 B - 2 potions of brilliance
 C - 2 potions of magic
 G - a potion of lignification {unknown}
 H - 2 potions of attraction {unknown}


   Skills:
 - Level 6.0 Fighting
 - Level 1.0 Axes
 - Level 3.0 Staves
 + Level 5.8 Ranged Weapons
 - Level 4.0 Armour
 - Level 4.0 Dodging
 - Level 2.0 Evocations


You had 7 spell levels left.
You didn't know any spells.
Your spell library contained the following spells:

 Spells                   Type           Power      Damage    Failure   Level
 Dazzling Flash           Conj/Hex       0%         N/A       71%         3
 Frozen Ramparts          Ice            0%         1d1       71%         3
 Ice Form                 Ice/Tmut       0%         N/A       98%         4
 Summon Ice Beast         Ice/Summ       0%         N/A       98%         4
 Agony                    Necr           0%         N/A       100%        5
 Silence                  Hex/Air        0%         N/A       100%        5


Dungeon Overview and Level Annotations

Branches:
Dungeon (6/15)             Temple (1/1) D:5

Altars:
Dithmenos
Elyvilon
Hepliaklqana
Kikubaaqudgha
Okawaru
Qazlal
Sif Muna
Trog
Zin


Message History

You hit the bullfrog.
The bullfrog is moderately wounded.
The bullfrog barely misses you. x2
You closely miss the bullfrog.
The bullfrog is moderately wounded.
The bullfrog closely misses you.
You hit the bullfrog.
The bullfrog is heavily wounded.
The bullfrog barely misses you. x2
You closely miss the bullfrog.
The bullfrog is heavily wounded.
The bullfrog hits you. The bullfrog barely misses you.
You sock the bullfrog!
You kill the bullfrog!
The centaur shoots an arrow.
The arrow misses you.
The centaur shoots an arrow.
The arrow misses you.
The centaur unwields a +0 shortbow.
The centaur wields a +0 falchion.
The centaur closely misses you.
The centaur kicks you but does no damage.
You see here a bullfrog corpse.
You hit the centaur.
The centaur is moderately wounded.
The centaur barely misses you. The centaur misses you.
The centaur hits you with a +0 falchion!
The centaur kicks you.
You hit the centaur.
The centaur is heavily wounded.
The centaur misses you. The centaur kicks you.
You barely miss the centaur.
The centaur is heavily wounded.
The centaur hits you with a +0 falchion!
* * * LOW HITPOINT WARNING * * *
The centaur closely misses you.
The centaur hits you with a +0 falchion.
* * * LOW HITPOINT WARNING * * *
The centaur kicks you.
* * * LOW HITPOINT WARNING * * *
The centaur unwields a +0 falchion.
The centaur wields a +0 shortbow.
The centaur shoots an arrow.
The arrow hits you!
You die...

#..#.#.#####....##..##
...####..#.#.###...##.##..##
.........#.#..........##..##
...........#..###.######..##
.............## #.# #..##
.#.####..#.#.####.## #..## ..
#...............# #..##
...#.....########.######..#
#......c†@...............#
.#...>.########.######..# #####
#####..................#
......######.########.######..##
≈~~~~.#.......# #.....#.....<...
≈≈≈~~.'...##..# #.....#.#######.
≈≈≈~.#.†.##..# #.....#.# . ~≈~~
##..##..# #.....#.# ..
##..##..###.....#.#


You could see a centaur.

Vanquished Creatures
  An ice beast (D:5)
  2 centaurs
  A phantom (D:5)
  2 bullfrogs (D:6)
  A scorpion (D:6)
  A howler monkey (D:5)
  An electric eel (D:6)
  A hound (D:5)
  2 jellies (D:5)
  Crazy Yiuf (D:2)
  An orc priest (D:6)
  Ijyb (D:3)
  2 iguanas (D:5)
  4 orc wizards
  Robin (D:4)
  8 adders
  A white imp (D:4)
  An ufetubus (D:5)
  A worm (D:5)
  3 dart slugs
  11 orcs
  3 bats (D:3)
  9 endoplasms
  3 giant cockroaches
  18 goblins
  4 hobgoblins
  4 jackals (D:3)
  9 kobolds
  3 quokkas
  5 ball pythons
  4 frilled lizards
  4 rats
113 creatures vanquished.

Notes
Turn   | Place    | Note
-------+----------+-------------------------------------------
     0 | D:1      | wingedge the Human Wanderer began the quest for the Orb.
     0 | D:1      | wingedge set off with the following items: a +0 vorpal
                  | quarterstaff, a +0 hand axe, a +0 cloak, a scroll of
                  | silence, a +0 leather armour.
     0 | D:1      | Reached XP level 1. HP: 13/13 MP: 1/1
   251 | D:1      | Found a faded altar of an unknown god.
   363 | D:1      | Reached skill level 1 in Fighting
   628 | D:1      | Reached XP level 2. HP: 19/21 MP: 2/2
   806 | D:1      | Reached skill level 2 in Fighting
   988 | D:2      | Reached XP level 3. HP: 28/28 MP: 3/3
  1062 | D:2      | Reached skill level 3 in Fighting
  1290 | D:2      | Reached XP level 4. HP: 35/35 MP: 4/4
  1348 | D:2      | Found a runed translucent door.
  1349 | D:2      | Noticed Crazy Yiuf
  1806 | D:2      | Killed Crazy Yiuf
  1807 | D:2      | Reached skill level 4 in Fighting
  1807 | D:2      | Reached XP level 5. HP: 31/42 MP: 5/5
  2229 | D:3      | Noticed Ijyb
  2241 | D:3      | HP: 2/42 [Ijyb/+0 dagger (4)]
  2242 | D:3      | Killed Ijyb
  2802 | D:3      | Reached XP level 6. HP: 45/49 MP: 6/6
  3036 | D:3      | Reached skill level 5 in Fighting
  3046 | D:3      | Reached skill level 1 in Evocations
  3129 | D:3      | Found a glowing silver altar of Zin.
  3130 | D:3      | Noticed an angel
  3338 | D:4      | Noticed Robin
  3355 | D:4      | Killed Robin
  3940 | D:5      | Entered Level 5 of the Dungeon
  3973 | D:5      | Found a staircase to the Ecumenical Temple.
  3980 | Temple   | Entered the Ecumenical Temple
  4009 | Temple   | Became a worshipper of Hepliaklqana the Forgotten
  4040 | D:5      | Noticed an ice beast
  4051 | D:5      | Killed an ice beast
  4052 | D:5      | Reached skill level 1 in Ranged Weapons
  4052 | D:5      | Reached XP level 7. HP: 39/56 MP: 7/7
  4284 | D:5      | Reached XP level 8. HP: 62/62 MP: 8/8
  4733 | D:6      | Reached skill level 5 in Ranged Weapons
  5120 | D:6      | Reached skill level 6 in Fighting
  5348 | D:6      | Shot with an arrow by a centaur

Illustrated notes

Levels and vault maps discovered:
D:1:      mrwooster_arrival_statue, layout_basic,
          hellmonk_ecumenical_altar_blasted
D:2:      minmay_spotlight, layout_rooms, grunt_ministairs_3,
          uniq_crazy_yiuf_cottage
D:3:      layout_basic, zin_angel, uniq_ijyb
D:4:      layout_basic, uniq_robin
D:5:      layout_cave_pools, minmay_temple_entry_arrows, minmay_hedge_maze,
          hangedman_abyss_or_decor_stabs
D:6:      layout_basic, grunt_temple_overflow_champion_of_chaos,
          minmay_strange_pillars, nrook_pool_corridor, minivault_27,
          hangedman_decor_points, st_stairs_14
Temple:   nicolae_temple_bog_church

Skill      XL: |  1  2  3  4  5  6  7  8 |
---------------+-------------------------+-----
Fighting       | 1 2 3 4 5 6 |  6.0
Armour         | 4 |  4.0
Evocations     | 2 |  2.0
Ranged Weapons | 1 4 5 |  5.8
Dodging        | 4 |  4.0
Axes           | |  1.0
Staves         | |  3.0

Action                   |  1- 3 |  4- 6 |  7- 9 || total
-------------------------+-------+-------+-------++-------
Melee: Quarterstaff      |    64 |   190 |    56 ||   310
       Dagger            |       |     3 |     5 ||     8
 Fire: Shortbow          |       |       |    52 ||    52
Throw: Stone             |     2 |       |       ||     2
Evoke: Wand              |       |     9 |     7 ||    16
  Use: Scroll            |       |       |     7 ||     7
 Stab: Paralysed         |       |       |     5 ||     5
Armor: Ring mail         |    15 |    29 |       ||    44
       Scale mail        |       |    53 |    27 ||    80
       Skin              |       |       |     1 ||     1
Dodge: Dodged            |    35 |    83 |    74 ||   192

Table legend: (Time is in decaauts)
 A = Elapsed time spent in this place.
 B = Non-inter-level travel time spent in this place.
 C = Inter-level travel time spent in this place.
 D = Time resting spent in this place.
 E = Time spent auto-exploring this place.
 F = Levels seen in this place.
 G = Mean time per level.
                   A        B        C        D        E       F      G
               +--------+--------+--------+--------+--------+-----+--------+
         Total |   5417 |   5266 |    151 |   1489 |   2597 |   7 |  773.9 |
       Dungeon |   5370 |   5235 |    135 |   1489 |   2583 |   6 |  895.0 |
        Temple |     46 |     30 |     16 |      0 |     14 |   1 |   46.0 |
               +--------+--------+--------+--------+--------+-----+--------+

Top non-repeatable levels by time:
     D:3: 1233 daAuts
     D:2: 1077 daAuts
     D:1: 988 daAuts
     D:5: 707 daAuts
     D:4: 686 daAuts
     D:6: 678 daAuts
  Temple: 46 daAuts
